 Dungeon Sprint DCSS version 0.27.1-1-g398f81649c (webtiles) character file.

Game seed: 2715302519956825209

847 boopmooplesden the Protected (level 7, -1/73 HPs)
             Began as a Minotaur Fighter on Sept 21, 2021.
             Slain by Kirke (18 damage)
             ... in the Dungeon (Sprint II: "The Violet Keep of Menkaure").
             The game lasted 00:01:27 (430 turns).

boopmooplesden the Protected (Minotaur Fighter)      Turns: 430, Time: 00:01:27

Health: -1/73      AC:  0    Str: 20    XL:     7   Next: 68%
Magic:  6/6        EV: 14    Int:  5    God:
Gold:   729        SH:  0    Dex: 10    Spells: 6/6 levels left

rFire    . . .     SeeInvis .   (weapon currently unavailable)
rCold    . . .     Faith    .   (shield currently unavailable)
rNeg     . . .     Spirit   .   (armour currently unavailable)
rPois    .         Reflect  .   (helmet currently unavailable)
rElec    .         Harm     .   (cloak currently unavailable)
rCorr    .         Rampage  .   (gloves currently unavailable)
Will     .....     NoTele   +   (boots currently unavailable)
Stlth    +.........             (no amulet)
HPRegen  0.00/turn              (ring currently unavailable)
MPRegen  0.10/turn              (ring currently unavailable)

@: pig-form, inhibited regen, very slow
A: fast, no casting, small, (horns 2), (retaliatory headbutt), inhibited
regeneration, weak 1
a: no special abilities


You were in the Dungeon.
You were a filthy swine.
You visited 1 branch You collected 729 gold pieces.

Inventory:

Hand Weapons
 a - a +0 long sword (melded)
Armour
 b - a +0 scale mail (melded)
 c - a +0 kite shield (melded)
Scrolls
 j - a scroll of blinking
Potions
 f - a potion of heal wounds
 g - a potion of haste
 h - 2 potions of magic
 i - a potion of berserk rage


   Skills:
 + Level 10.8 Fighting
 + Level 9.2 Long Blades
 + Level 11.0 Armour
 + Level 1.7 Dodging
 + Level 11.0 Shields


You had 6 spell levels left.
You didn't know any spells.
Your spell library was empty.

Dungeon Overview and Level Annotations

Branches:
Dungeon (1/1)

Altars:

Shops:
D !([:[[[?!=

Annotations:
D exclusion: orange crystal statue, Kirke


Innate Abilities, Weirdness & Mutations

You are a filthy swine.
You move quickly.
Your equipment is almost entirely melded.
You are incapable of wielding weapons or throwing items.
You cannot cast spells.
((You have a pair of horns on your head.))
((You reflexively headbutt those who attack you in melee.))
You do not regenerate when monsters are visible.
You are weak. (Str -2)


Message History

The quasit splashes around in the water.
Your unstable footing causes you to fumble your attack.
Kirke barely misses you.
You riposte.
You hit Kirke.
Kirke is moderately wounded.
The quasit barely misses you.
The quasit splashes around in the water. x2
You hit Kirke. Your headbutt misses Kirke.
Kirke is moderately wounded.
The quasit disappears in a puff of smoke!
You block Kirke's attack. Kirke gestures at you while chanting.
You barely resist. You barely miss Kirke. You headbutt Kirke.
Kirke is moderately wounded.
The iron imp disappears in a puff of smoke!
The kobold demonologist looks braver for a moment.
You slash Kirke!
Kirke is moderately wounded.
Kirke barely misses you.
You riposte.
You closely miss Kirke.
Kirke is moderately wounded.
You hit Kirke.
Kirke is moderately wounded.
You block Kirke's attack. Kirke gestures at you while chanting.
You turn into a filthy swine.
Your +0 long sword melds into your body.
Your +0 kite shield melds into your body.
Your +0 scale mail melds into your body.
Your unstable footing causes you to fumble your attack.
Your unstable footing causes you to fumble your attack.
The crimson imp blinks!
Kirke throws some weird powder.
Kirke hits you.
* * * LOW HITPOINT WARNING * * *
The kobold demonologist casts a spell.
Your unstable footing causes you to fumble your attack.
The crimson imp hits you.
* * * LOW HITPOINT WARNING * * *
Kirke hits you!!
You die...

° ## °8° #.5K####
.°..
#§Yzc@h##°°..°
########5≈#'''#+
#######≈≈≈......
......#≈≈≈≈.##+#
.⌠....#≈≈≈≈###.###
∩.∩...#≈≈≈≈#..#..#
.∩.∩..#≈≈####.#.##
∩.∩...#≈##.###'##
...∩.∩#≈#..###.##


You could see Kirke, a yaktaur captain, an elephant, a skeletal warrior, a
kobold demonologist, an iron imp (summoned) and a crimson imp (summoned).

Vanquished Creatures
  4 neqoxecs (D)
  A water moccasin (D)
  4 scorpions (D)
  3 worms (D)
12 creatures vanquished.

Vanquished Creatures (others)
  Menkaure (D)
  A water moccasin (D)
2 creatures vanquished.

Grand Total: 14 creatures vanquished

Notes
Turn   | Place    | Note
-------+----------+-------------------------------------------
     0 | D        | boopmooplesden the Minotaur Fighter began the quest for the
                  | Orb.
     0 | D        | Reached XP level 1. HP: 19/19 MP: 0/0
     1 | D        | Noticed a scorpion
     1 | D        | Noticed a scorpion
     1 | D        | Noticed a scorpion
     1 | D        | Noticed a scorpion
    10 | D        | Killed a scorpion
    11 | D        | Reached skill level 5 in Shields
    11 | D        | Reached XP level 2. HP: 10/30 MP: 1/1
    11 | D        | Reached XP level 3. HP: 13/37 MP: 2/2
    13 | D        | Killed a scorpion
    14 | D        | Reached XP level 4. HP: 17/47 MP: 3/3
    14 | D        | Killed a scorpion
    15 | D        | Reached skill level 5 in Long Blades
    15 | D        | Reached XP level 5. HP: 20/53 MP: 4/4
    33 | D        | Killed a water moccasin
    47 | D        | Killed Menkaure
   255 | D        | Noticed an orange crystal statue
   272 | D        | Noticed a neqoxec
   277 | D        | Noticed a neqoxec
   279 | D        | Killed a neqoxec
   280 | D        | Reached XP level 6. HP: 48/64 MP: 5/5
   281 | D        | Gained mutation: You are weak. (Str -2) [a neqoxec]
   290 | D        | Killed a neqoxec
   291 | D        | Reached skill level 10 in Fighting
   291 | D        | Reached skill level 10 in Armour
   291 | D        | Reached skill level 1 in Dodging
   292 | D        | Found Winkoumo's Distillery.
   292 | D        | Found Ziweomm's Antique Armour Boutique.
   293 | D        | Found Iclocwy's Antique Armour Boutique.
   293 | D        | Found Suqioffa's Book Shop.
   293 | D        | Noticed a neqoxec
   294 | D        | Found Nuffassu's Jewellery Shop.
   294 | D        | Found Jeqeiq's Antique Armour Shop.
   299 | D        | Killed a neqoxec
   300 | D        | Reached skill level 10 in Shields
   300 | D        | Reached XP level 7. HP: 45/73 MP: 6/6
   303 | D        | Found Pojuiseq's Armour Shop.
   303 | D        | Noticed a neqoxec
   304 | D        | Found Umakhlu's Antique Weapon Shop.
   304 | D        | Found Ynyg's Distillery.
   315 | D        | Gained mutation: You do not regenerate when monsters are
                  | visible. [a neqoxec]
   318 | D        | Killed a neqoxec
   325 | D        | Found Eshad's Magic Scroll Boutique.
   328 | D        | Noticed an obsidian statue
   412 | D        | Noticed an elephant
   412 | D        | Noticed a centaur warrior
   412 | D        | Noticed Kirke
   412 | D        | Noticed a yaktaur captain
   412 | D        | Noticed a kobold demonologist
   413 | D        | Noticed a skeletal warrior
   430 | D        | Slain by Kirke

Illustrated notes

Levels and vault maps discovered:
D:        the_violet_keep_of_menkaure [sprint2_stairs_cluster_1,
          sprint2_shoproom, sprint2_temple, sprint2_basic_supplies,
          sprint2_obstacle_4, sprint2_obstacle_5, sprint2_obstacle_3,
          sprint2_obstacle_1, sprint2_obstacle_7, sprint2_timed_cluster_1,
          sprint2_smallroom_cluster_1, sprint2_smallroom_final_cluster_1,
          sprint2_transparent_cluster_1, sprint2_second_timed_cluster_1,
          sprint2_sniper_area_1, sprint2_heavy_combat_area_1,
          sprint2_mutation_trap_area_1, sprint2_forest_area_1,
          sprint2_light_combat_area_1, sprint2_behind_water_1,
          sprint2_near_end_vault_1]

Skill      XL: |  1  2  3  4  5  6  7 |
---------------+----------------------+-----
Fighting       | 6 7 9 10 | 10.8
Long Blades    | 3 4 5 6 8 9 |  9.2
Armour         | 6 7 9 10 11 | 11.0
Shields        | 5 6 7 9 10 11 | 11.0
Dodging        | 1 |  1.7

Action                   |  1- 3 |  4- 6 |  7- 9 || total
-------------------------+-------+-------+-------++-------
Melee: Long sword        |     9 |    36 |    28 ||    73
       Headbutt          |     3 |     7 |     8 ||    18
       Unarmed           |       |       |     3 ||     3
  Use: Potion            |     2 |       |       ||     2
Armor: Scale mail        |     5 |     2 |    13 ||    20
Dodge: Dodged            |     2 |     9 |    12 ||    23
Block: Kite shield       |     4 |    14 |    23 ||    41
       Rpst.: Long sword |     1 |     1 |     3 ||     5
